 Dungeon Crawl Stone Soup version 0.29.1-2-gbd0b4ee654 (webtiles) character file.

Game seed: 17206672713674894649

86 fantasyman the Trooper (level 4, -1/39 HPs)
             Began as a Demigod Fighter on Nov 28, 2022.
             Slain by Crazy Yiuf
             ... wielding a +4 quarterstaff of chaos
              (8 damage)
             ... on level 2 of the Dungeon.
             The game lasted 00:02:16 (2712 turns).

fantasyman the Trooper (Demigod Fighter)            Turns: 2712, Time: 00:02:17

Health: -1/39      AC:  8    Str: 21    XL:     4   Next: 5%
Magic:  6/6        EV:  9    Int: 10    God:
Gold:   125        SH:  4    Dex: 13    Spells: 3/3 levels left

rFire   . . .      SeeInvis .   a - +0 war axe
rCold   . . .      Faith    .   c - +0 buckler
rNeg    . . .      Spirit   .   b - +0 scale mail
rPois   .          Reflect  .   (no helmet)
rElec   .          Harm     .   (no cloak)
rCorr   .          Rampage  .   (no gloves)
Will    .....                   f - +0 pair of boots
Stlth   ..........              (no amulet)
HPRegen 0.13/turn               (no ring)
MPRegen 0.10/turn               (no ring)

@: no status effects
A: high MP 1, forlorn, divine attributes
a: no special abilities


You were on level 2 of the Dungeon.
You visited 1 branch of the dungeon, and saw 2 of its levels.

You collected 125 gold pieces.

Inventory:

Hand Weapons
 a - a +0 war axe (weapon)
Armour
 b - a +0 scale mail (worn)
 c - a +0 buckler (worn)
 f - a +0 pair of boots (worn)
Scrolls
 g - a scroll of identify {unknown}
 l - a scroll of torment {unknown}
Potions
 d - a potion of might
 e - a potion of magic {unknown}
 h - a potion of berserk rage {unknown}
 i - a potion of curing {unknown}
 j - a potion of flight {unknown}
 k - a potion of haste {unknown}
 m - 2 potions of attraction {unknown}


   Skills:
 * Level 3.6 Fighting
 - Level 1.7 Axes
 + Level 3.4 Armour
 + Level 3.3 Shields


You had 3 spell levels left.
You didn't know any spells.
Your spell library was empty.

Dungeon Overview and Level Annotations

Branches:
Dungeon (2/15)

Annotations:
D:2 Crazy Yiuf


Innate Abilities, Weirdness & Mutations

You have an increased reservoir of magic. (+10% MP)
You shall have no god before yourself.
Your divine heritage dramatically boosts your attributes as you level up.


Message History

You kill the ball python!
There is an escape hatch in the ceiling here.
You see here a +0 club.
m - 2 smoky green potions (gained 1)
You now have 125 gold pieces (gained 14).
Key pressed, stopping explore.
Key pressed, stopping explore.
No target in view!
No target in view!
Key pressed, stopping explore.
No target in view!
Key pressed, stopping explore.
No target in view!
You see here a +0 short sword.
Key pressed, stopping explore.
No target in view!
There is an open door here.
Things that are here:
a +0 dagger; 3 stones Crazy Yiuf shouts!
Could not explore, unopened runed door.
No reachable target in view!
Could not explore, unopened runed door.
You open the door. You closely miss Crazy Yiuf. Crazy Yiuf closely misses you.
Crazy Yiuf completely misses you.
You closely miss Crazy Yiuf. You block Crazy Yiuf's attack.
You hit Crazy Yiuf but do no damage. You block Crazy Yiuf's attack. x2
You slash Crazy Yiuf!
Crazy Yiuf is severely wounded.
Crazy Yiuf cries, "Orb hand ladder!"
Crazy Yiuf hits you with a +4 quarterstaff of chaos!
Crazy Yiuf freezes you.
You closely miss Crazy Yiuf.
Crazy Yiuf is severely wounded.
Crazy Yiuf cries, "Liver seventy hand!"
Crazy Yiuf hits you with a +4 quarterstaff of chaos!
* * * LOW HITPOINT WARNING * * *
You are electrocuted!
You die...

....# #.........#
....# ###########
....# ##'## ...##
....# ######## ###.#
##.#..#.### ###
..#.###......#..##...#
###.##......####@g...#
#.##...#.## ###..)#
#.##..#### ### #.###.#
###.# #.# ..>.# #.#
#######.# ........#
#######.#


You could see Crazy Yiuf.

Vanquished Creatures
  3 adders (D:2)
  2 worms (D:2)
  2 dart slugs
  2 bats (D:2)
  7 endoplasms
  A giant cockroach (D:2)
  8 goblins
  2 hobgoblins
  6 kobolds
  10 ball pythons
  2 rats
45 creatures vanquished.

Notes
Turn   | Place    | Note
-------+----------+-------------------------------------------
     0 | D:1      | fantasyman the Demigod Fighter began the quest for the Orb.
     0 | D:1      | Reached XP level 1. HP: 18/18 MP: 3/3
   393 | D:1      | Reached XP level 2. HP: 25/25 MP: 4/4
  1319 | D:2      | Reached XP level 3. HP: 31/31 MP: 5/5
  1974 | D:2      | Found a runed translucent door.
  1975 | D:2      | Noticed Crazy Yiuf
  2052 | D:2      | Reached XP level 4. HP: 32/38 MP: 6/6
  2712 | D:2      | Slain by Crazy Yiuf

Illustrated notes

Levels and vault maps discovered:
D:1:      minmay_arrival_stone_box, layout_rooms, ebering_ecumenical_altar_rust
D:2:      mumra_celtic_spiral_tile, layout_basic, grunt_ministairs_6,
          minmay_misc_feat_enclosed, columned_hall_lemuel,
          uniq_crazy_yiuf_cottage

Skill      XL: |  1  2 |
---------------+-------+-----
Shields        | 3 |  3.3
Armour         | 3 |  3.4
Fighting       | 3 |  3.6
Axes           | |  1.7

Action                   |  1- 3 |  4- 6 || total
-------------------------+-------+-------++-------
Melee: War axe           |   109 |    12 ||   121
Armor: Scale mail        |    48 |     1 ||    49
Dodge: Dodged            |    46 |     7 ||    53
Block: Buckler           |    26 |     4 ||    30
